TOP OF THE 1ST |
Quad Cities River Bandits batting - Pitching for Beloit Snappers : RHP Dave Magana
|
Pitching: RHP Dave Magana
|
|
Batting: RHB Ben Sutton
|
0-0: Swinging Strike 0-1: Called Strike 0-2: Ball 1-2: Foul Ball, location: 2F 1-2: Foul Ball, location: 2F 1-2: Ball 2-2: Strikes out swinging
|
Batting: LHB Fernando Gomez
|
0-0: Swinging Strike 0-1: Swinging Strike 0-2: Ground out 6-3 (Groundball, 6, EV 83.1 MPH)
|
Batting: LHB Daigo Ishii
|
0-0: Ground out U3 (Groundball, 3, EV 108.1 MPH)
|
Top of the 1st over - 0 runs, 0 hits, 0 errors, 0 left on base; Quad Cities 0 - Beloit 0 |
BOTTOM OF THE 1ST |
Beloit Snappers batting - Pitching for Quad Cities River Bandits : RHP Isaiah McLaurin
|
Pitching: RHP Isaiah McLaurin
|
|
Batting: RHB Chris Bohm
|
0-0: Ball 1-0: Ball 2-0: Swinging Strike 2-1: Foul Ball, location: 2F 2-2: Strikes out swinging
|
Batting: RHB Tony Crespo
|
0-0: Called Strike 0-1: Ball 1-1: Ball 2-1: Ball 3-1: Base on Balls
|
Batting: LHB Chance Stever
|
0-0: Called Strike Tony Crespo is caught stealing 2nd base 2-6 0-1: Swinging Strike 0-2: Foul Ball, location: 2F 0-2: Foul Ball, location: 2F 0-2: Strikes out swinging
|
Bottom of the 1st over - 0 runs, 0 hits, 0 errors, 0 left on base; Quad Cities 0 - Beloit 0 |
TOP OF THE 2ND |
Quad Cities River Bandits batting - Pitching for Beloit Snappers : RHP Dave Magana
|
Batting: RHB Erik Smith
|
0-0: Ball 1-0: SINGLE (Groundball, 6MD, EV 106.2 MPH)
|
Batting: LHB Bob Govella
|
0-0: Fly out, F8 (Flyball, 78M, EV 75.6 MPH)
|
Batting: RHB Steve Moore
|
0-0: Called Strike 0-1: Swinging Strike 0-2: Foul Ball, location: 2F 0-2: Ball 1-2: Strikes out swinging
|
Batting: RHB Andrew Pride
|
0-0: Ball 1-0: Ball Wild Pitch! Erik Smith to second 2-0: Swinging Strike 2-1: Called Strike 2-2: Strikes out swinging
|
Top of the 2nd over - 0 runs, 1 hit, 0 errors, 1 left on base; Quad Cities 0 - Beloit 0 |
BOTTOM OF THE 2ND |
Beloit Snappers batting - Pitching for Quad Cities River Bandits : RHP Isaiah McLaurin
|
Batting: LHB Nate Melendez
|
0-0: Ball 1-0: Swinging Strike 1-1: Foul Ball, location: 2F 1-2: Strikes out looking
|
Batting: RHB Shannon Beck
|
0-0: SOLO HOME RUN (Line Drive, 7D, EV 99.4 MPH), Distance : 364 ft
|
Batting: LHB Jeremy Brammer
|
0-0: Ball 1-0: Foul Ball, location: 2F 1-1: SINGLE (Line Drive, 4D, EV 96.2 MPH)
|
Batting: RHB Jamie Jennings
|
Pickoff Throw to First - Out! 1-3 0-0: Ball 1-0: Foul Ball, location: 2F 1-1: Ball 2-1: Ball 3-1: Called Strike 3-2: Base on Balls
|
Batting: RHB Clay Statum
|
0-0: Ball 1-0: Fly out, F7 (Line Drive, 7, EV 90.6 MPH)
|
Bottom of the 2nd over - 1 run, 2 hits, 0 errors, 1 left on base; Quad Cities 0 - Beloit 1 |
TOP OF THE 3RD |
Quad Cities River Bandits batting - Pitching for Beloit Snappers : RHP Dave Magana
|
Batting: LHB Aldo Kok
|
0-0: Foul Ball, location: 2F 0-1: Ball 1-1: Swinging Strike 1-2: Ball 2-2: Foul Ball, location: 2F 2-2: Ball 3-2: Strikes out swinging
|
Batting: RHB Reginald McDougall
|
0-0: Ball 1-0: Ball 2-0: Ball 3-0: Base on Balls
|
Batting: RHB Ben Sutton
|
0-0: Called Strike 0-1: Hit by Pitch Reginald McDougall to second
|
Batting: LHB Fernando Gomez
|
0-0: Ground out 4-3 (Groundball, 4S, EV 73.8 MPH) Reginald McDougall to third Ben Sutton to second
|
Batting: LHB Daigo Ishii
|
0-0: Swinging Strike 0-1: Ball 1-1: Foul Ball, location: 2F 1-2: Foul Ball, location: 2F 1-2: Fly out, F9 (Flyball, 89S, EV 97.5 MPH)
|
Top of the 3rd over - 0 runs, 0 hits, 0 errors, 2 left on base; Quad Cities 0 - Beloit 1 |
BOTTOM OF THE 3RD |
Beloit Snappers batting - Pitching for Quad Cities River Bandits : RHP Isaiah McLaurin
|
Batting: RHB Don Burt
|
0-0: Ball 1-0: Called Strike 1-1: Called Strike 1-2: Ball 2-2: Fly out, F3 (Popup, 3SF, EV 79.4 MPH)
|
Batting: RHB Chris Bohm
|
0-0: Called Strike 0-1: Foul Ball, location: 2F 0-2: Ball 1-2: Strikes out looking
|
Batting: RHB Tony Crespo
|
0-0: Called Strike 0-1: Ball 1-1: Ball 2-1: Ball 3-1: Foul Ball, location: 2F 3-2: Foul Ball, location: 2F 3-2: Strikes out swinging, 2-3 out at first.
|
Bottom of the 3rd over - 0 runs, 0 hits, 0 errors, 0 left on base; Quad Cities 0 - Beloit 1 |
TOP OF THE 4TH |
Quad Cities River Bandits batting - Pitching for Beloit Snappers : RHP Dave Magana
|
Batting: RHB Erik Smith
|
0-0: Foul Ball, location: 2F 0-1: Foul Ball, location: 2F 0-2: Foul Ball, location: 2F 0-2: Ball 1-2: Foul Ball, location: 2F 1-2: Ball 2-2: Strikes out swinging
|
Batting: LHB Bob Govella
|
0-0: Ball 1-0: SINGLE (Groundball, 25, EV 66.9 MPH) (infield hit)
|
Batting: RHB Steve Moore
|
0-0: Called Strike 0-1: Foul Ball, location: 2F 0-2: Ball 1-2: Grounds into double play, 6-4-3 (Groundball, 6, EV 106.9 MPH)
|
Top of the 4th over - 0 runs, 1 hit, 0 errors, 0 left on base; Quad Cities 0 - Beloit 1 |
BOTTOM OF THE 4TH |
Beloit Snappers batting - Pitching for Quad Cities River Bandits : RHP Isaiah McLaurin
|
Batting: LHB Chance Stever
|
0-0: Ball 1-0: Fly out, F9 (Flyball, 9, EV 93.8 MPH)
|
Batting: LHB Nate Melendez
|
0-0: Ball 1-0: Ball 2-0: Ground out U3 (Groundball, 34S, EV 91.9 MPH)
|
Batting: RHB Shannon Beck
|
0-0: SINGLE (Groundball, 34D, EV 98.1 MPH)
|
Batting: LHB Jeremy Brammer
|
0-0: Called Strike 0-1: Called Strike 0-2: Ball 1-2: Strikes out swinging
|
Bottom of the 4th over - 0 runs, 1 hit, 0 errors, 1 left on base; Quad Cities 0 - Beloit 1 |
TOP OF THE 5TH |
Quad Cities River Bandits batting - Pitching for Beloit Snappers : RHP Dave Magana
|
Batting: RHB Andrew Pride
|
0-0: Foul Ball, location: 2F 0-1: Foul Ball, location: 2F 0-2: Ball 1-2: Ball 2-2: Ground out 5-3 (Groundball, 56S, EV 78.1 MPH)
|
Batting: LHB Aldo Kok
|
0-0: Called Strike 0-1: Foul Ball, location: 2F 0-2: Ground out 6-3 (Groundball, 6, EV 91.9 MPH)
|
Batting: RHB Reginald McDougall
|
0-0: Ball 1-0: Called Strike 1-1: Called Strike 1-2: Ball 2-2: Strikes out looking
|
Top of the 5th over - 0 runs, 0 hits, 0 errors, 0 left on base; Quad Cities 0 - Beloit 1 |
BOTTOM OF THE 5TH |
Beloit Snappers batting - Pitching for Quad Cities River Bandits : RHP Isaiah McLaurin
|
Batting: RHB Jamie Jennings
|
0-0: Ball 1-0: Foul Ball, location: 2F 1-1: Ball 2-1: Ball 3-1: Base on Balls
|
Batting: RHB Clay Statum
|
0-0: Ball 1-0: Ball 2-0: Called Strike 2-1: Swinging Strike 2-2: Ball 3-2: Base on Balls Jamie Jennings to second
|
Batting: RHB Don Burt
|
0-0: Ball 1-0: Fielders Choice at 2nd, 5-4 (Groundball, 56S, EV 94.4 MPH) Jamie Jennings to third
|
Pitching: RHP Carlos Zavala
|
|
Batting: RHB Chris Bohm
|
0-0: Foul Ball, location: 2F 0-1: Foul Ball, location: 2F 0-2: Ball 1-2: Foul Ball, location: 2F 1-2: Ball 2-2: Ball 3-2: Base on Balls Don Burt to second
|
Batting: RHB Tony Crespo
|
0-0: Ball 1-0: Ball 2-0: Ball 3-0: Called Strike 3-1: Called Strike 3-2: Base on Balls Jamie Jennings scores Don Burt to third Chris Bohm to second
|
Batting: LHB Chance Stever
|
0-0: Fly out, F8 (Flyball, 8RD, EV 94.4 MPH) Runner from 3rd tags up, OUT at HOME! 8-2
|
Bottom of the 5th over - 1 run, 0 hits, 0 errors, 2 left on base; Quad Cities 0 - Beloit 2 |
TOP OF THE 6TH |
Quad Cities River Bandits batting - Pitching for Beloit Snappers : RHP Dave Magana
|
Batting: RHB Ben Sutton
|
0-0: Ball 1-0: Swinging Strike 1-1: Swinging Strike 1-2: Ball 2-2: Ball 3-2: Strikes out looking
|
Batting: LHB Fernando Gomez
|
0-0: Ball 1-0: Ball 2-0: Foul Ball, location: 2F 2-1: Ball 3-1: Called Strike 3-2: Foul Ball, location: 2F 3-2: Fly out, F9 (Flyball, 9, EV 84.4 MPH)
|
Batting: LHB Daigo Ishii
|
0-0: Foul Ball, location: 2F 0-1: Ball 1-1: Ball 2-1: Fly out, F6 (Popup, 6MS, EV 57.5 MPH)
|
Top of the 6th over - 0 runs, 0 hits, 0 errors, 0 left on base; Quad Cities 0 - Beloit 2 |
BOTTOM OF THE 6TH |
Beloit Snappers batting - Pitching for Quad Cities River Bandits : RHP Carlos Zavala
|
Now in CF: Mike Staley
|
|
Batting: LHB Nate Melendez
|
0-0: DOUBLE (Line Drive, 8LXD, EV 105.0 MPH) - OUT at third base trying to stretch hit.
|
Batting: RHB Shannon Beck
|
0-0: SINGLE (Groundball, 34D, EV 103.1 MPH)
|
Batting: LHB Jeremy Brammer
|
0-0: Foul Ball, location: 2F 0-1: Swinging Strike 0-2: Ball 1-2: Ball 2-2: Ball 3-2: Base on Balls Shannon Beck to second
|
Batting: RHB Jamie Jennings
|
0-0: Ball 1-0: Called Strike 1-1: SINGLE (Flyball, 34D, EV 86.2 MPH) Shannon Beck to third Jeremy Brammer to second
|
Batting: RHB Clay Statum
|
0-0: Ball 1-0: Ball 2-0: Ball 3-0: Base on Balls Shannon Beck scores Jeremy Brammer to third Jamie Jennings to second
|
Batting: RHB Don Burt
|
0-0: Ball 1-0: Ball 2-0: Foul Ball, location: 2F 2-1: SINGLE (Line Drive, 9LS, EV 107.5 MPH) Jeremy Brammer scores Jamie Jennings to third Clay Statum to second
|
Batting: RHB Chris Bohm
|
0-0: Foul Ball, location: 2F 0-1: Ball 1-1: SINGLE (Line Drive, 4MD, EV 98.1 MPH) Jamie Jennings scores Clay Statum to third Don Burt to second
|
Batting: RHB Tony Crespo
|
0-0: Ball 1-0: Swinging Strike 1-1: Foul Ball, location: 2F 1-2: Strikes out swinging
|
Batting: LHB Chance Stever
|
0-0: Fly out, F5 (Line Drive, 56, EV 66.2 MPH)
|
Bottom of the 6th over - 3 runs, 5 hits, 0 errors, 3 left on base; Quad Cities 0 - Beloit 5 |
TOP OF THE 7TH |
Quad Cities River Bandits batting - Pitching for Beloit Snappers : RHP Dave Magana
|
Batting: RHB Erik Smith
|
0-0: Called Strike 0-1: Ball 1-1: Ball 2-1: Ball 3-1: Base on Balls
|
Batting: LHB Bob Govella
|
0-0: Fly out, F7 (Flyball, 7S, EV 92.5 MPH)
|
Batting: RHB Steve Moore
|
0-0: Foul Ball, location: 2F 0-1: Ball 1-1: Called Strike 1-2: Strikes out swinging
|
Batting: RHB Andrew Pride
|
0-0: Foul Ball, location: 2F 0-1: Ball 1-1: Ball 2-1: Ball 3-1: Base on Balls Erik Smith to second
|
Batting: LHB Aldo Kok
|
0-0: Called Strike 0-1: Called Strike 0-2: Ball 1-2: Strikes out looking
|
Top of the 7th over - 0 runs, 0 hits, 0 errors, 2 left on base; Quad Cities 0 - Beloit 5 |
BOTTOM OF THE 7TH |
Beloit Snappers batting - Pitching for Quad Cities River Bandits : RHP Carlos Zavala
|
Batting: LHB Nate Melendez
|
0-0: Called Strike 0-1: SINGLE (Groundball, 4M, EV 98.1 MPH) (infield hit)
|
Batting: RHB Shannon Beck
|
0-0: Grounds into double play, 6-4-3 (Groundball, 56, EV 107.5 MPH)
|
Batting: LHB Jeremy Brammer
|
0-0: Foul Ball, location: 2F 0-1: Ball 1-1: SINGLE (Groundball, 6MD, EV 76.9 MPH) (infield hit)
|
Batting: RHB Jamie Jennings
|
0-0: Called Strike 0-1: Swinging Strike 0-2: Ball 1-2: SINGLE (Groundball, 34D, EV 96.9 MPH) Jeremy Brammer to second Runner from 2nd tries for 3rd, SAFE, throw by RF made to third
|
Batting: RHB Clay Statum
|
0-0: Ball 1-0: Ball 2-0: Ball 3-0: Called Strike 3-1: TRIPLE (Line Drive, 8RXD, EV 100.6 MPH) Jeremy Brammer scores Jamie Jennings scores
|
Pinch Hitting: RHB Tyler Stebbins
|
0-0: Foul Ball, location: 2F 0-1: DOUBLE (Line Drive, 78XD, EV 104.4 MPH) Clay Statum scores
|
Pinch Hitting: SHB Mike Kirk
|
0-0: Fly out, F8 (Flyball, 8RM, EV 80.0 MPH)
|
Bottom of the 7th over - 3 runs, 5 hits, 0 errors, 1 left on base; Quad Cities 0 - Beloit 8 |
TOP OF THE 8TH |
Quad Cities River Bandits batting - Pitching for Beloit Snappers : RHP Dave Magana
|
Pitching: RHP Juan Lucero
|
|
Now at 1B: Tyler Stebbins
|
|
Now in CF: Mike Kirk
|
|
Batting: LHB Mike Staley
|
0-0: Ground out 5-3 (Groundball, 56S, EV 69.4 MPH)
|
Batting: RHB Ben Sutton
|
0-0: Ball 1-0: Ground out U3 (Groundball, 3, EV 105.0 MPH)
|
Batting: LHB Fernando Gomez
|
0-0: Called Strike 0-1: Ball 1-1: Swinging Strike 1-2: Ball 2-2: Ground out 6-3 (Groundball, 6M, EV 84.4 MPH)
|
Top of the 8th over - 0 runs, 0 hits, 0 errors, 0 left on base; Quad Cities 0 - Beloit 8 |
BOTTOM OF THE 8TH |
Beloit Snappers batting - Pitching for Quad Cities River Bandits : RHP Carlos Zavala
|
Batting: RHB Tony Crespo
|
0-0: Ball 1-0: Foul Ball, location: 2F 1-1: Foul Ball, location: 2F 1-2: Strikes out swinging
|
Pitching: RHP Ben Minge
|
|
Batting: LHB Chance Stever
|
0-0: Swinging Strike 0-1: Foul Ball, location: 2F 0-2: Fly out, F9 (Flyball, 9D, EV 98.8 MPH)
|
Batting: LHB Nate Melendez
|
0-0: Ball 1-0: Called Strike 1-1: Ground out 4-3 (Groundball, 4, EV 91.2 MPH)
|
Bottom of the 8th over - 0 runs, 0 hits, 0 errors, 0 left on base; Quad Cities 0 - Beloit 8 |
TOP OF THE 9TH |
Quad Cities River Bandits batting - Pitching for Beloit Snappers : RHP Juan Lucero
|
Batting: LHB Daigo Ishii
|
0-0: Foul Ball, location: 2F 0-1: Foul Ball, location: 2F 0-2: Strikes out looking
|
Batting: RHB Erik Smith
|
0-0: Swinging Strike 0-1: Ball 1-1: Ball 2-1: Foul Ball, location: 2F 2-2: Ball 3-2: Foul Ball, location: 2F 3-2: Strikes out swinging
|
Batting: LHB Bob Govella
|
0-0: Ball 1-0: Called Strike 1-1: Swinging Strike 1-2: Foul Ball, location: 2F 1-2: Strikes out swinging, 2-3 out at first.
|
Top of the 9th over - 0 runs, 0 hits, 0 errors, 0 left on base; Quad Cities 0 - Beloit 8 |
|